 Dungeon Crawl Stone Soup version 0.23-a0-171-g5ae17c6e89 (webtiles) character file.

103 Holzbalken the Cudgeler (level 4, -1/33 HPs)
             Began as a Demonspawn Gladiator on Sept 14, 2018.
             Slain by a worm (4 damage)
             ... on level 4 of the Dungeon.
             The game lasted 00:07:51 (2608 turns).

Holzbalken the Cudgeler (Demonspawn Gladiator)      Turns: 2608, Time: 00:07:51

Health: -1/33      AC:  7    Str: 15    XL:     4   Next: 51%
Magic:  4/4        EV: 12    Int:  9    God:
Gold:   20         SH:  0    Dex: 15    Spells: 3/3 levels left

rFire    + + .     SeeInvis .   q - -1 whip (curse)
rCold    x . .     Gourm    .   (no shield)
rNeg     . . .     Faith    .   b - +0 leather armour
rPois    .         Spirit   .   c - +0 helmet
rElec    .         Reflect  .   (no cloak)
rCorr    .         Harm     .   (no gloves)
MR       .....                  (no boots)
Stlth    +.........             (no amulet)
HPRegen  0.11/turn              g - ring of fire
MPRegen  0.09/turn              (no ring)

@: no status effects
A: icy blue scales 2, fire resistance 1
a: no special abilities


You were on level 4 of the Dungeon.
You were hungry.

You visited 1 branch of the dungeon, and saw 4 of its levels.

You collected 20 gold pieces.

Inventory:

Hand Weapons
 a - a +0 flail
 q - a cursed -1 whip (weapon)
Missiles
 d - 3 throwing nets (quivered)
 r - 6 tomahawks
Armour
 b - a +0 leather armour (worn)
 c - a +0 helmet (worn)
 s - a +0 plate armour
Jewellery
 g - a ring of fire (left hand)
Scrolls
 e - 2 scrolls of teleportation {unknown}
 i - a scroll of enchant armour {unknown}
 j - a scroll of fear {unknown}
 k - 2 scrolls of enchant weapon {unknown}
 m - a scroll of magic mapping {unknown}
 n - a scroll of remove curse {unknown}
 o - a scroll of noise {unknown}
 p - 2 scrolls of identify {unknown}
Potions
 h - a potion of mutation {unknown}
 l - a potion of brilliance {unknown}
Comestibles
 f - 4 rations
 t - 2 chunks of flesh


   Skills:
 - Level 2.0 Fighting
 + Level 4.9 Maces & Flails
 - Level 1.7 Throwing
 - Level 2.6 Dodging


You had 3 spell levels left.
You didn't know any spells.
Your spell library was empty.

Dungeon Overview and Level Annotations

Branches:
Dungeon (4/15)
 Temple: D:4-7

Altars:


Innate Abilities, Weirdness & Mutations

You are mostly covered in icy blue scales. (AC +3)
Your flesh is heat resistant. (rF+)


Message History

The worm is moderately wounded.
The worm bites you.
You barely miss the worm.
The worm is moderately wounded.
You hit the worm.
The worm is heavily wounded.
The worm bites you!
* * * LOW HITPOINT WARNING * * *
You hit the worm.
The worm is severely wounded.
You barely miss the worm.
The worm is severely wounded.
The worm bites you.
* * * LOW HITPOINT WARNING * * *
You barely miss the worm.
The worm is severely wounded.
You hit the worm.
The worm is almost dead.
The worm bites you.
You die...

############
#....w@.<..#
####..######
.....
#.#.#.# # #.
#. . #


You could see a worm.

Vanquished Creatures
  3 adders (D:2)
  An ooze (D:2)
  2 worms (D:2)
  2 dart slugs
  4 leopard geckos
  3 giant cockroaches
  10 goblins
  4 hobgoblins
  4 jackals (D:1)
  12 bats
  3 frilled lizards (D:2)
  2 kobolds (D:2)
  3 rats
53 creatures vanquished.

Notes
Turn   | Place    | Note
-------+----------+-------------------------------------------
     0 | D:1      | Holzbalken the Demonspawn Gladiator began the quest for the
                  | Orb.
     0 | D:1      | Reached XP level 1. HP: 16/16 MP: 1/1
    53 | D:1      | Reached skill level 3 in Maces & Flails
    97 | D:1      | Gained mutation: You are partially covered in icy blue
                  | scales. (AC +2) [demonic ancestry]
    97 | D:1      | Reached XP level 2. HP: 22/22 MP: 2/2
   843 | D:1      | Gained mutation: You are mostly covered in icy blue scales.
                  | (AC +3) [demonic ancestry]
   843 | D:1      | Reached XP level 3. HP: 26/27 MP: 3/3
  1085 | D:2      | Reached skill level 4 in Maces & Flails
  1494 | D:2      | Gained mutation: Your flesh is heat resistant. (rF+)
                  | [demonic ancestry]
  1494 | D:2      | Reached XP level 4. HP: 14/33 MP: 4/4
  2608 | D:4      | Slain by a worm

Vault maps used:
D:1:      dpeg_arrival_water_altar, st_stairs_14
D:3:      grunt_gozag_statues, uniq_sigmund, uniq_terence
D:4:      cheibrodos_greedy_goblins, minmay_temple_entry_hall,
          hangedman_glass_teeth, minmay_misc_feat_more_columns, minivault_11

Skill      XL: |  1  2  3 |
---------------+----------+-----
Maces & Flails | 3 4 |  4.9
Fighting       | |  2.0
Throwing       | |  1.7
Dodging        | |  2.6

Action                   |  1- 3 |  4- 6 || total
-------------------------+-------+-------++-------
Melee: Flail             |   136 |    31 ||   167
       Whip              |       |    27 ||    27
 Stab: Sleeping          |     2 |       ||     2
  Eat: Chunk             |     2 |     3 ||     5
Armor: Leather armour    |    76 |    23 ||    99
Dodge: Dodged            |   140 |    24 ||   164

Table legend:
 A = Non-vault XP
 B = Vault XP
 C = Vault XP percentage of total XP
 D = Non-vault monster count
 E = Vault monster count
 F = Vault count percentage of total count
                 A         B        C        D         E       F
            +---------+---------+-------+---------+---------+-------
      Total |     146 |       2 |   1.4 |      52 |       1 |   1.9
            +---------+---------+-------+---------+---------+-------
        D:1 |      45 |       2 |   4.3 |      23 |       1 |   4.2
        D:2 |      96 |       0 |   0.0 |      26 |       0 |   0.0
        D:3 |       5 |       0 |   0.0 |       3 |       0 |   0.0
            +---------+---------+-------+---------+---------+-------
